 Dungeon Crawl Stone Soup version 0.16.1-11-g651b585 (webtiles) character file.

821 in250t the Conjurer (level 7, -8/50 HPs)
             Began as a Mottled Draconian Wizard on Apr 2, 2015.
             Mangled by a gnoll
             ... wielding a +0 halberd
              (11 damage)
             ... on level 5 of the Dungeon.
             The game lasted 00:13:56 (5020 turns).

in250t the Conjurer (Mottled Draconian Wizard)      Turns: 5020, Time: 00:13:56

Health: -8/50      AC:  6    Str: 13    XL:     7   Next: 63%
Magic:  14/14      EV: 12    Int: 25    God:
Gold:   114        SH:  0    Dex: 10    Spells: 5 memorised, 1 level left

rFire  . . .     SeeInvis .     a - +0 spear (venom)
rCold  . . .     Clarity  .     (armour unavailable)
rNeg   . . .     SustAb   .     (no shield)
rPois  .         Gourm    .     b - +0 hat
rElec  .         Spirit   .     (no cloak)
rCorr  .         Warding  .     (no gloves)
rMut   .         Stasis   .     (no boots)
MR     .....                    (no amulet)
Stlth  +.........               (no ring)
                                m - +4 ring of strength

@: confused, brilliant, lethally poisoned (-8 -> -11), not resistant to hostile
enchantments, very unstealthy
A: breathe sticky flames, unfitting armour, cold-blooded, AC +6
a: Breathe Sticky Flame


You were on level 5 of the Dungeon.
You were not hungry.

You visited 1 branch of the dungeon, and saw 5 of its levels.

You collected 114 gold pieces.

Inventory:

Hand weapons
 a - a +0 spear of venom (weapon)
Armour
 b - a +0 hat (worn)
 j - a +0 shield
Jewellery
 m - a +4 ring of strength (left hand)
 q - a cursed -2 ring of dexterity {unknown}
Scrolls
 e - 3 scrolls of fear {unknown}
 h - 3 scrolls of enchant armour {unknown}
 i - 5 scrolls of identify {unknown}
 o - a scroll of recharging {unknown}
 p - a scroll of remove curse {unknown}
 r - 6 scrolls of teleportation {unknown}
 u - a scroll of enchant weapon {unknown}
 v - a scroll of amnesia {unknown}
Potions
 f - a potion of brilliance
 g - a potion of mutation {unknown}
 k - a potion of ambrosia
 l - 2 potions of curing {unknown}
 w - a potion of poison {unknown}
 x - 2 potions of lignification {unknown}
 z - a potion of heal wounds {unknown}
Books
 c - a book of Minor Magic

   Spells                             Type                      Level
   a - Magic Dart                     Conjuration                  1
   b - Blink                          Translocation                2
   c - Call Imp                       Summoning                    2
   d - Repel Missiles                 Charms/Air                   2
   e - Slow                           Hexes                        2
   f - Conjure Flame                  Conjuration/Fire             3
   g - Mephitic Cloud                 Conjuration/Poison/Air       3
Comestibles
 d - 7 bread rations
 n - 2 meat rations
 s - 3 slices of pizza
 t - 7 chunks of flesh


   Skills:
 + Level 5.6 Polearms
 - Level 1.7 Dodging
 - Level 1.7 Stealth
 - Level 3.0 Spellcasting
 - Level 6.3 Conjurations
   Level 1.0 Summonings
 - Level 1.0 Translocations


You had one spell level left.
You knew the following spells:

 Your Spells              Type           Power        Failure   Level  Hunger
a - Magic Dart            Conj           ####         1%          1    None
b - Blink                 Tloc           N/A          1%          2    ##.....
c - Mephitic Cloud        Conj/Pois/Air  ####....     1%          3    ###....
d - Conjure Flame         Conj/Fire      ####....     1%          3    ###....
e - Repel Missiles        Chrm/Air       ###...       2%          2    ##.....


Dungeon Overview and Level Annotations

Branches:
Dungeon (5/15)
 Temple: D:4-7

Altars:
Dithmenos
Okawaru
Sif Muna
Xom
Yredelemnul
Zin


Innate Abilities, Weirdness & Mutations

You can spit globs of burning liquid.
You can ignite nearby creatures when you spit burning liquid.
Your weird mottled scales are hard (AC +6).
Your body does not fit into most forms of armour.
Your cold-blooded metabolism reacts poorly to cold.


Message History

An ogre comes into view. It is wielding a giant club.
Drink which item? (? for menu, Esc to quit)
It was a potion of ambrosia.
You are confused.
You feel invigorated.
You feel sick. The shadow imp hits you.
* * * LOW HITPOINT WARNING * * *
You're too confused to cast spells.
You bump into the rock wall.
You feel sick. The gnoll barely misses you. The ogre completely misses you.
The shadow imp throws its arms wide.
The dead are flying!
You're too confused to cast spells.
The gnoll hits you but does no damage. The shadow imp closely misses you.
A killer bee zombie comes into view.
You're too confused to cast spells.
You bump into the rock wall.
You feel sick. The ogre hits you with a giant club!
* * * LOW HITPOINT WARNING * * *
The gnoll hits you from afar with a halberd!
You die...

....... [......##
#.......###### #+++# ..
...g....#.##... #.
#.##....#.#.....# #.
#..ygZ..#.#.....# #.
#.##g#..#.#.....# #
#.##5#..#.#.....#
#..O@#..#.#.....#
#...####..#.##....## ##
#.. #........^..# #.
#........##.##.#+#.###.
# ###......##.#.#.....
#.####....#.#..... #.
#.####.##.... #. #.#
#....... #.# ####....


You could see an ogre, a gnoll sergeant (confused), a killer bee, 2 gnolls, a
shadow imp and a killer bee zombie.

Vanquished Creatures
  Grinder (D:2)
  Edmund (D:5)
  An ogre (D:5)
  A killer bee (D:5)
  An orc priest (D:3)
  A hound (D:5)
  2 worker ants (D:4)
  Ijyb (D:4)
  Robin (D:2)
  8 adders
  3 worms
  2 giant geckos
  6 orcs
  A ball python (D:3)
  8 bats
  7 giant cockroaches
  27 goblins
  7 hobgoblins
  7 jackals
  10 kobolds
  3 quokkas
  6 giant newts
  A jackal skeleton (D:4)
  12 rats
118 creatures vanquished.

Vanquished Creatures (collateral kills)
  A killer bee (D:5)
1 creature vanquished.

Grand Total: 119 creatures vanquished

Notes
Turn   | Place    | Note
--------------------------------------------------------------
     0 | D:1      | in250t, the Draconian Wizard, began the quest for the Orb.
     0 | D:1      | Reached XP level 1. HP: 14/14 MP: 4/4
   354 | D:1      | Reached XP level 2. HP: 8/20 MP: 6/6
  1050 | D:2      | Learned a level 2 spell: Blink
  1305 | D:2      | Reached XP level 3. HP: 26/26 MP: 0/7
  1561 | D:2      | Noticed Robin
  1614 | D:2      | Killed Robin
  1614 | D:2      | Reached skill level 4 in Conjurations
  1614 | D:2      | Reached XP level 4. HP: 15/33 MP: 3/9
  1941 | D:2      | Found a deep blue altar of Sif Muna.
  2528 | D:3      | Noticed Grinder
  2538 | D:2      | Learned a level 3 spell: Mephitic Cloud
  2542 | D:2      | Learned a level 3 spell: Conjure Flame
  2544 | D:3      | Paralysed by Grinder for 3 turns
  2659 | D:2      | Killed Grinder
  2659 | D:2      | Reached skill level 6 in Conjurations
  2659 | D:2      | Reached XP level 5. HP: 17/38 MP: 7/11
  2659 | D:2      | Reached XP level 6. HP: 20/45 MP: 7/12
  2722 | D:2      | Learned a level 2 spell: Repel Missiles
  3227 | D:3      | Found an iron altar of Okawaru.
  3258 | D:3      | Reached skill level 1 in Polearms
  3692 | D:4      | Found a basalt altar of Yredelemnul.
  3751 | D:4      | Found a glowing silver altar of Zin.
  3751 | D:4      | Noticed an angel
  3752 | D:4      | Found a shimmering altar of Xom.
  4124 | D:4      | Noticed Ijyb
  4145 | D:4      | Killed Ijyb
  4394 | D:4      | Found a shadowy altar of Dithmenos.
  4561 | D:5      | Entered Level 5 of the Dungeon
  4815 | D:5      | Noticed Edmund
  4830 | D:5      | Your scales start taking on a weird mottled pattern.
  4830 | D:5      | Reached XP level 7. HP: 46/50 MP: 1/14
  4860 | D:5      | Killed Edmund
  4860 | D:5      | Reached skill level 5 in Polearms
  5020 | D:5      | Mangled by a gnoll

Action                   |  1- 3 |  4- 6 |  7- 9 || total
-------------------------+-------+-------+-------++-------
Melee: Spear             |    71 |   124 |    59 ||   254
       Unarmed           |     8 |       |       ||     8
 Cast: Magic Dart        |    53 |    81 |     1 ||   135
       Conjure Flame     |       |     1 |       ||     1
       Blink             |       |     1 |       ||     1
       Mephitic Cloud    |       |     2 |     2 ||     4
       Repel Missiles    |       |     1 |       ||     1
 Abil: Breathe Sticky Fl |       |       |     1 ||     1
  Use: Potion            |       |       |     2 ||     2
 Stab: Sleeping          |       |     2 |       ||     2
       Confused          |       |       |     3 ||     3
  Eat: Chunk             |     2 |    10 |     2 ||    14
